Flames vs Sabres

Created - 19 janvier 2019 at 19:53

Goals
1 2 3 OT1 T
Flames 0 2 0 0 2
Sabres 1 1 0 1 3
Shots
1 2 3 OT1 T
Flames 14 16 4 0 34
Sabres 5 4 15 5 29

1st period

1. Sabres , Brendan Perlini 1 (Brock Nelson 14, Josh Ho-Sang 13) at 6:49

Penalties :
John Carlson (BUF) for Hooking (Minor) at 12:20

2nd period

2. Flames , Alexander Radulov 15 (Rick Nash 15, Jared Spurgeon 26) at 0:30
3. Sabres , Josh Ho-Sang 7 (Brendan Perlini 4) at 2:13
4. Flames , Viktor Arvidsson 13 (Alec Martinez 10, Jason Demers 18) at 15:52 (PP)

Penalties :
Alec Martinez (CGY) for Interference (Minor) at 4:13, Jake McCabe (BUF) for Hooking (Minor) at 9:15, Jake McCabe (BUF) for Interference (Minor) at 14:01

3rd period

No Goal

Penalties :
Alexander Radulov (CGY) for Interference (Minor) at 4:42, Leon Draisaitl (BUF) for Charging (Minor) at 9:37, Rick Nash (CGY) for Delaying the game (Minor) at 10:10

Overtime #1

5. Sabres , Ryan Nugent-Hopkins 18 (Leon Draisaitl 22, John Carlson 28) at 1:38

Penalties :
No Penalty

Goalie Stats

Andrei Vasilevskiy (CGY), 26 saves from 29 shots - (0.897), OTL, 21-13-4, 61:39 minutes
Matt Murray (BUF), 32 saves from 34 shots - (0.941), W, 15-13-5, 61:39 minutes

Players Stats for Flames

Player Name              G  A  P  +/- PIM S  H  SB GA TA FO     MP     PP MP  PK MP  
------------------------------------------------------------------------------------
Alec Martinez            0  1  1  -1  2   4  4  0  0  0  0/0    20:36   2:58   1:08 
Alexander Radulov        1  0  1  -1  2   4  0  0  0  0  2/2    22:47   3:33   1:56 
Artem Anisimov           0  0  0   0  0   1  0  0  0  0  9/18   12:34   0:28   0:00 
Brandon Sutter           0  0  0  -1  0   3  2  0  0  0  14/23  19:19   2:49   0:28 
Devante Smith-Pelly      0  0  0   0  0   0  1  0  0  0  0/1    12:38   0:00   0:32 
Evgeni Malkin            0  0  0  -1  0   1  4  0  0  0  12/35  23:57   3:07   3:31 
Gabriel Bourque          0  0  0   0  0   2  1  0  0  0  0/0     6:31   0:00   1:12 
Haydn Fleury             0  0  0  -1  0   0  0  0  0  0  0/0    14:15   0:00   0:47 
James van Riemsdyk       0  0  0  -1  0   1  1  0  0  0  1/1    17:46   2:47   0:00 
Jared Spurgeon           0  1  1   1  0   1  0  0  0  0  0/0    25:25   3:24   2:36 
Jason Demers             0  1  1  -1  0   3  1  2  0  0  0/0    21:24   2:58   1:55 
Jason Garrison           0  0  0  -1  0   1  1  0  0  0  0/0    13:28   0:00   0:00 
Jordan Martinook         0  0  0   0  0   2  2  0  0  0  1/2    13:01   0:00   0:55 
Justin Faulk             0  0  0   0  0   3  1  3  0  0  0/0    26:30   3:24   2:36 
Matthew Peca             0  0  0   0  0   0  0  0  0  0  5/6     5:45   0:26   0:00 
Nick Ritchie             0  0  0   0  0   1  0  0  0  0  0/0     5:19   0:00   0:00 
Rick Nash                0  1  1   0  2   6  1  0  0  0  1/1    18:23   3:06   0:00 
Viktor Arvidsson         1  0  1  -1  0   1  1  0  0  0  0/2    19:19   2:49   0:28 

Players Stats for Sabres

Player Name              G  A  P  +/- PIM S  H  SB GA TA FO     MP     PP MP  PK MP  
------------------------------------------------------------------------------------
Adam Pelech              0  0  0   2  0   0  2  3  0  0  0/0    17:49   2:25   1:14 
Brendan Perlini          1  1  2   2  0   4  3  0  0  0  0/0     7:40   0:00   0:00 
Brett Connolly           0  0  0   0  0   3  0  0  0  0  0/2     7:23   0:00   0:16 
Brock Nelson             0  1  1   2  0   0  0  0  0  0  8/13   12:34   0:00   4:16 
Dan Girardi              0  0  0   0  0   1  2  1  0  0  0/0    18:58   0:00   3:19 
Evander Kane             0  0  0   0  0   1  4  1  0  0  1/3    19:28   2:48   1:17 
Jake McCabe              0  0  0  -1  4   0  3  0  0  0  0/0    20:20   0:00   1:04 
John Carlson             0  1  1   0  2   2  0  1  0  0  0/0    24:43   2:06   1:58 
Josh Ho-Sang             1  1  2   2  0   1  0  0  0  0  1/1    10:28   2:48   0:00 
Kyle Criscuolo           0  0  0   0  0   1  0  0  0  0  3/9     7:07   0:00   0:00 
Kyle Turris              0  0  0   0  0   4  0  0  0  0  15/26  19:10   2:48   1:47 
Leon Draisaitl           0  1  1   0  2   4  1  1  0  0  4/6    21:40   1:43   0:00 
Markus Hannikainen       0  0  0   0  0   1  0  1  0  0  0/0     8:54   0:00   1:47 
Paul Stastny             0  0  0  -1  0   1  1  0  0  0  13/24  20:57   1:43   0:00 
Ryan Murray              0  0  0   2  0   2  0  0  0  0  0/0    18:08   2:06   1:52 
Ryan Nugent-Hopkins      1  0  1   0  0   3  2  1  0  0  1/5    22:29   1:43   0:00 
Tyler Myers              0  0  0   0  0   1  1  0  0  0  0/0    21:38   2:25   3:17 
Zach Hyman               0  0  0   0  0   0  2  0  0  0  0/2    17:39   0:00   3:21 

3 Stars

1 - Brendan Perlini (BUF)
2 - Josh Ho-Sang (BUF)
3 - Matt Murray (BUF)

Power Play

Flames - 1 on 4 Attempt(s) - 25.00%
Sabres - 0 on 3 Attempt(s) - 0.00%

Penalty Kill

Flames - 3 on 3 Attempt(s) - 100.00% - Score 0 goal in Penalty Kill
Sabres - 3 on 4 Attempt(s) - 75.00% - Score 0 goal in Penalty Kill

Team Stat

Flames - Hits : 20 - Faceoff Wins : 45 - Blocked Shots : 5 - Penalty Minutes : 6
Sabres - Hits : 21 - Faceoff Wins : 46 - Blocked Shots : 9 - Penalty Minutes : 8

Official

Referees : Dennis LaRue and Kendrick Nicholson
Linesman : Brian Murphy and Tim Nowak

Game Notes

No Game Note

Finance

Level 1 -- Attendance: 6035 (92.85%) -- Ticket Income 603 500 $
Level 2 -- Attendance: 4509 (90.18%) -- Ticket Income 338 175 $
Level 3 -- Attendance: 3446 (98.46%) -- Ticket Income 172 300 $
Level 4 -- Attendance: 2776 (90.42%) -- Ticket Income 69 400 $
Luxury Box -- Attendance: 702 (70.20%) -- Ticket Income 175 500 $
Game was played at the First Niagara Center.
Total Attendance: 17468 (91.60%)
Total Ticket Income: 1 358 875 $
Other Income: 665 849 $
Total Income: 2 024 724 $

% Time on Ice - Flames

Lines # - Real PCT - Wanted PCT - Time Play
Normal Forward
1 - 32% - 40% - 15:17
2 - 31% - 30% - 14:59
3 - 25% - 20% - 12:06
4 - 11% - 10% - 5:19
Normal Defense
1 - 37% - 40% - 17:42
2 - 33% - 30% - 15:45
3 - 28% - 20% - 13:28
4 - 2% - 10% - 0:46
PP Forward
1 - 56% - 60% - 3:33
2 - 44% - 40% - 2:49
PP Defense
1 - 53% - 60% - 3:24
2 - 47% - 40% - 2:58
PK Forward
1 - 90% - 60% - 4:03
2 - 10% - 40% - 0:28
PK Defense
1 - 58% - 60% - 2:36
2 - 42% - 40% - 1:55
PK3 Forward
1 - 0% - 60%
2 - 0% - 40%
PK3 Defense
1 - 0% - 60%
2 - 0% - 40%
44 Forward
1 - 47% - 60% - 0:40
2 - 53% - 40% - 0:46
44 Defense
1 - 47% - 60% - 0:40
2 - 53% - 40% - 0:46
Last Minute Offensive  - 0:00
Last Minute Defensive  - 0:00
Total
Forward - 60:00
Defense - 60:00

% Time on Ice - Sabres

Lines # - Real PCT - Wanted PCT - Time Play
Normal Forward
1 - 39% - 42% - 18:36
2 - 30% - 32% - 14:18
3 - 16% - 18% - 7:40
4 - 15% - 8% - 7:07
Normal Defense
1 - 37% - 42% - 17:37
2 - 31% - 30% - 15:01
3 - 30% - 20% - 14:10
4 - 2% - 8% - 0:53
PP Forward
1 - 38% - 60% - 1:43
2 - 62% - 40% - 2:48
PP Defense
1 - 46% - 60% - 2:06
2 - 54% - 40% - 2:25
PK Forward
1 - 72% - 60% - 4:35
2 - 28% - 40% - 1:47
PK Defense
1 - 48% - 60% - 3:05
2 - 52% - 40% - 3:17
PK3 Forward
1 - 0% - 60%
2 - 0% - 40%
PK3 Defense
1 - 0% - 60%
2 - 0% - 40%
44 Forward
1 - 100% - 60% - 1:26
2 - 0% - 40% - 0:00
44 Defense
1 - 56% - 60% - 0:48
2 - 44% - 40% - 0:38
Last Minute Offensive  - 0:00
Last Minute Defensive  - 0:00
Total
Forward - 60:00
Defense - 60:00

Play-by-Play

1st period


0:01 of 1st period - Paul Stastny wins face-off versus Evgeni Malkin in neutral zone.
0:27 of 1st period - Shot by Ryan Nugent-Hopkins.
0:27 of 1st period - Stopped by Andrei Vasilevskiy without a rebound.
0:28 of 1st period - James van Riemsdyk wins face-off versus Kyle Turris in Flames zone.
0:30 of 1st period - Icing by Viktor Arvidsson.
0:31 of 1st period - Brandon Sutter wins face-off versus Kyle Turris in Flames zone.
1:02 of 1st period - Shot by Viktor Arvidsson.
1:02 of 1st period - Shot Hit the Post.
1:04 of 1st period - Shot by Brandon Sutter.
1:04 of 1st period - Stopped by Matt Murray without a rebound.
1:05 of 1st period - Brock Nelson wins face-off versus Devante Smith-Pelly in Sabres zone.
1:05 of 1st period - Josh Ho-Sang is hit by Jordan Martinook.
1:34 of 1st period - Shot by Artem Anisimov.
1:34 of 1st period - Deflect By Jordan Martinook.
1:34 of 1st period - Shot Misses the Net.
2:11 of 1st period - Shot by Evgeni Malkin.
2:11 of 1st period - Deflect By Rick Nash.
2:11 of 1st period - Stopped by Matt Murray without a rebound.
2:12 of 1st period - Matthew Peca wins face-off versus Paul Stastny in Sabres zone.
2:13 of 1st period - Shot by Gabriel Bourque.
2:13 of 1st period - Shot Misses the Net.
2:29 of 1st period - Shot by Matthew Peca.
2:29 of 1st period - Shot Misses the Net.
2:47 of 1st period - Nick Ritchie is hit by Leon Draisaitl and loses puck.
2:57 of 1st period - John Carlson is hit by Gabriel Bourque and loses puck.
3:38 of 1st period - Icing by Jared Spurgeon.
3:39 of 1st period - Evgeni Malkin wins face-off versus Kyle Criscuolo in Flames zone.
4:29 of 1st period - Icing by Brandon Sutter.
4:30 of 1st period - Brandon Sutter wins face-off versus Paul Stastny in Flames zone.
4:30 of 1st period - Brandon Sutter is hit by Ryan Nugent-Hopkins.
4:37 of 1st period - Shot by Brandon Sutter.
4:37 of 1st period - Stopped by Matt Murray without a rebound.
4:38 of 1st period - Paul Stastny wins face-off versus Artem Anisimov in Sabres zone.
4:53 of 1st period - Icing by Jason Demers.
4:54 of 1st period - Kyle Turris wins face-off versus Artem Anisimov in Flames zone.
5:19 of 1st period - Evander Kane is hit by Alec Martinez and loses puck.
5:27 of 1st period - Devante Smith-Pelly is hit by Tyler Myers.
6:03 of 1st period - Shot by Brandon Sutter.
6:03 of 1st period - Shot Misses the Net.
6:49 of 1st period - Shot by Brock Nelson.
6:49 of 1st period - Deflect By Brendan Perlini.
6:49 of 1st period - Goal by Brendan Perlini - Flames : 0 - Sabres : 1.
6:50 of 1st period - Matthew Peca wins face-off versus Kyle Criscuolo in neutral zone.
7:03 of 1st period - Shot by Gabriel Bourque.
7:03 of 1st period - Shot Misses the Net.
7:21 of 1st period - Shot by Nick Ritchie.
7:21 of 1st period - Stopped by Matt Murray without a rebound.
7:22 of 1st period - Alexander Radulov wins face-off versus Zach Hyman in Sabres zone.
7:27 of 1st period - Shot by Evgeni Malkin.
7:27 of 1st period - Stopped by Matt Murray with a rebound.
7:49 of 1st period - Shot by Evgeni Malkin.
7:49 of 1st period - Shot Misses the Net.
7:51 of 1st period - Shot by Justin Faulk.
7:51 of 1st period - Stopped by Matt Murray without a rebound.
7:52 of 1st period - Brandon Sutter wins face-off versus Paul Stastny in Sabres zone.
7:53 of 1st period - Shot by Viktor Arvidsson.
7:53 of 1st period - Deflect By James van Riemsdyk.
7:53 of 1st period - Shot Blocked by Adam Pelech.
8:57 of 1st period - Shot by Artem Anisimov.
8:57 of 1st period - Shot Misses the Net.
9:11 of 1st period - Shot by Evander Kane.
9:11 of 1st period - Shot Misses the Net.
9:31 of 1st period - Shot by Jason Demers.
9:31 of 1st period - Stopped by Matt Murray with a rebound.
9:39 of 1st period - Shot by Rick Nash.
9:39 of 1st period - Stopped by Matt Murray without a rebound.
9:40 of 1st period - Brock Nelson wins face-off versus Matthew Peca in Sabres zone.
9:42 of 1st period - Icing by Josh Ho-Sang.
9:43 of 1st period - Evgeni Malkin wins face-off versus Brock Nelson in Sabres zone.
9:44 of 1st period - Shot by Rick Nash.
9:44 of 1st period - Stopped by Matt Murray without a rebound.
9:45 of 1st period - Brock Nelson wins face-off versus Evgeni Malkin in Sabres zone.
10:33 of 1st period - Off-side.
10:34 of 1st period - Paul Stastny wins face-off versus Brandon Sutter in neutral zone.
10:56 of 1st period - Shot by Brandon Sutter.
10:56 of 1st period - Shot Blocked by Dan Girardi.
10:58 of 1st period - Shot by Brandon Sutter.
10:58 of 1st period - Shot Misses the Net.
11:00 of 1st period - Shot by Brandon Sutter.
11:00 of 1st period - Stopped by Matt Murray without a rebound.
11:01 of 1st period - Kyle Turris wins face-off versus Artem Anisimov in Sabres zone.
11:19 of 1st period - Jordan Martinook is hit by Evander Kane and loses puck.
11:27 of 1st period - Icing by Jordan Martinook.
11:28 of 1st period - Artem Anisimov wins face-off versus Paul Stastny in Flames zone.
11:28 of 1st period - Artem Anisimov is hit by Paul Stastny.
11:37 of 1st period - Artem Anisimov is hit by Ryan Nugent-Hopkins and loses puck.
12:12 of 1st period - Jared Spurgeon is hit by Jake McCabe and loses puck.
12:20 of 1st period - Minor Penalty to John Carlson for Hooking.
12:21 of 1st period - Brock Nelson wins face-off versus Brandon Sutter in Sabres zone.
14:05 of 1st period - Icing by Justin Faulk.
14:06 of 1st period - Brandon Sutter wins face-off versus Brock Nelson in Flames zone.
14:29 of 1st period - Shot by Nick Ritchie.
14:29 of 1st period - Shot Misses the Net.
14:31 of 1st period - Shot by Matthew Peca.
14:31 of 1st period - Shot Misses the Net.
14:33 of 1st period - Shot by Gabriel Bourque.
14:33 of 1st period - Stopped by Matt Murray without a rebound.
14:34 of 1st period - Artem Anisimov wins face-off versus Kyle Criscuolo in Sabres zone.
14:45 of 1st period - Shot by Dan Girardi.
14:45 of 1st period - Stopped by Andrei Vasilevskiy without a rebound.
14:46 of 1st period - Evgeni Malkin wins face-off versus Paul Stastny in Flames zone.
15:01 of 1st period - Shot by Rick Nash.
15:01 of 1st period - Shot Blocked by John Carlson.
15:15 of 1st period - Shot by Rick Nash.
15:15 of 1st period - Stopped by Matt Murray without a rebound.
15:16 of 1st period - Brandon Sutter wins face-off versus Evander Kane in Sabres zone.
15:25 of 1st period - Tyler Myers is hit by Viktor Arvidsson and loses puck.
15:50 of 1st period - Shot by Kyle Turris.
15:50 of 1st period - Shot Misses the Net.
17:02 of 1st period - Shot by Ryan Nugent-Hopkins.
17:02 of 1st period - Stopped by Andrei Vasilevskiy without a rebound.
17:03 of 1st period - Evgeni Malkin wins face-off versus Kyle Criscuolo in Flames zone.
17:14 of 1st period - Shot by Brett Connolly.
17:14 of 1st period - Stopped by Andrei Vasilevskiy without a rebound.
17:15 of 1st period - Artem Anisimov wins face-off versus Paul Stastny in Flames zone.
17:20 of 1st period - Shot by Jason Garrison.
17:20 of 1st period - Shot Misses the Net.
17:39 of 1st period - Shot by Artem Anisimov.
17:39 of 1st period - Shot Blocked by Leon Draisaitl.
17:41 of 1st period - Shot by Jason Garrison.
17:41 of 1st period - Stopped by Matt Murray without a rebound.
17:42 of 1st period - Kyle Turris wins face-off versus Evgeni Malkin in Sabres zone.
18:49 of 1st period - Shot by Paul Stastny.
18:49 of 1st period - Deflect By Ryan Nugent-Hopkins.
18:49 of 1st period - Shot Misses the Net.
19:12 of 1st period - Gabriel Bourque is hit by Dan Girardi and loses puck.
19:48 of 1st period - Shot by Justin Faulk.
19:48 of 1st period - Stopped by Matt Murray with a rebound.
Goals for this period are 0 for Flames vs 1 for Sabres.
Shots for this period are 14 for Flames vs 5 for Sabres.

2nd period


0:01 of 2nd period - Kyle Turris wins face-off versus Evgeni Malkin in neutral zone.
0:03 of 2nd period - Off-side.
0:04 of 2nd period - Paul Stastny wins face-off versus Evgeni Malkin in neutral zone.
0:14 of 2nd period - John Carlson is hit by Evgeni Malkin.
0:28 of 2nd period - Shot by Rick Nash.
0:28 of 2nd period - Stopped by Matt Murray with a rebound.
0:30 of 2nd period - Shot by Alexander Radulov.
0:30 of 2nd period - Goal by Alexander Radulov - Flames : 1 - Sabres : 1.
0:31 of 2nd period - Kyle Turris wins face-off versus Brandon Sutter in neutral zone.
0:52 of 2nd period - Zach Hyman is hit by James van Riemsdyk and loses puck.
1:12 of 2nd period - Shot by Evander Kane.
1:12 of 2nd period - Shot Misses the Net.
1:51 of 2nd period - Shot by Leon Draisaitl.
1:51 of 2nd period - Shot Misses the Net.
2:13 of 2nd period - Shot by Josh Ho-Sang.
2:13 of 2nd period - Goal by Josh Ho-Sang - Flames : 1 - Sabres : 2.
2:14 of 2nd period - Kyle Criscuolo wins face-off versus Evgeni Malkin in neutral zone.
2:36 of 2nd period - Icing by Markus Hannikainen.
2:37 of 2nd period - Kyle Criscuolo wins face-off versus Artem Anisimov in Sabres zone.
2:37 of 2nd period - Kyle Criscuolo is hit by Devante Smith-Pelly.
3:09 of 2nd period - Shot by Jordan Martinook.
3:09 of 2nd period - Stopped by Matt Murray with a rebound.
3:24 of 2nd period - Off-side.
3:25 of 2nd period - Kyle Turris wins face-off versus Evgeni Malkin in neutral zone.
3:27 of 2nd period - Off-side.
3:28 of 2nd period - Evgeni Malkin wins face-off versus Ryan Nugent-Hopkins in neutral zone.
3:53 of 2nd period - Shot by Evgeni Malkin.
3:53 of 2nd period - Deflect By Alexander Radulov.
3:53 of 2nd period - Stopped by Matt Murray without a rebound.
3:54 of 2nd period - Matthew Peca wins face-off versus Kyle Turris in Sabres zone.
4:13 of 2nd period - Minor Penalty to Alec Martinez for Interference.
4:14 of 2nd period - Paul Stastny wins face-off versus Evgeni Malkin in Flames zone.
4:19 of 2nd period - Shot by Ryan Nugent-Hopkins.
4:19 of 2nd period - Shot Misses the Net.
4:37 of 2nd period - Shot by Paul Stastny.
4:37 of 2nd period - Shot Misses the Net.
4:39 of 2nd period - Shot by Ryan Murray.
4:39 of 2nd period - Stopped by Andrei Vasilevskiy without a rebound.
4:40 of 2nd period - Kyle Turris wins face-off versus Evgeni Malkin in Flames zone.
4:43 of 2nd period - Shot by Evander Kane.
4:43 of 2nd period - Shot Misses the Net.
4:53 of 2nd period - Jason Demers is hit by Evander Kane and loses puck.
5:15 of 2nd period - Icing by Kyle Turris.
5:16 of 2nd period - Brandon Sutter wins face-off versus Kyle Turris in Sabres zone.
5:24 of 2nd period - Icing by Adam Pelech.
5:25 of 2nd period - Evgeni Malkin wins face-off versus Kyle Turris in Sabres zone.
5:35 of 2nd period - Alexander Radulov is hit by Adam Pelech and loses puck.
5:45 of 2nd period - Icing by Tyler Myers.
5:46 of 2nd period - Kyle Turris wins face-off versus Viktor Arvidsson in Sabres zone.
5:53 of 2nd period - Brandon Sutter is hit by Evander Kane and loses puck.
6:30 of 2nd period - Icing by Kyle Criscuolo.
6:31 of 2nd period - Kyle Criscuolo wins face-off versus Brandon Sutter in Sabres zone.
7:21 of 2nd period - Icing by Brett Connolly.
7:22 of 2nd period - Rick Nash wins face-off versus Kyle Criscuolo in Sabres zone.
7:27 of 2nd period - Shot by Alexander Radulov.
7:27 of 2nd period - Stopped by Matt Murray with a rebound.
7:29 of 2nd period - Shot by Rick Nash.
7:29 of 2nd period - Shot Blocked by Markus Hannikainen.
7:31 of 2nd period - Shot by Alec Martinez.
7:31 of 2nd period - Stopped by Matt Murray without a rebound.
7:32 of 2nd period - Leon Draisaitl wins face-off versus Evgeni Malkin in Sabres zone.
7:32 of 2nd period - Leon Draisaitl is hit by Rick Nash.
7:45 of 2nd period - Leon Draisaitl is hit by Evgeni Malkin.
7:55 of 2nd period - Shot by Ryan Nugent-Hopkins.
7:55 of 2nd period - Shot Misses the Net.
7:58 of 2nd period - Icing by Jason Garrison.
7:59 of 2nd period - Evgeni Malkin wins face-off versus Kyle Turris in Flames zone.
8:38 of 2nd period - Shot by Evander Kane.
8:38 of 2nd period - Shot Hit the Post.
8:51 of 2nd period - Icing by Justin Faulk.
8:52 of 2nd period - Brandon Sutter wins face-off versus Ryan Nugent-Hopkins in Flames zone.
8:56 of 2nd period - Jared Spurgeon is hit by Jake McCabe.
9:15 of 2nd period - Minor Penalty to Jake McCabe for Hooking.
9:16 of 2nd period - Evgeni Malkin wins face-off versus Zach Hyman in Sabres zone.
9:17 of 2nd period - Shot by Alec Martinez.
9:17 of 2nd period - Stopped by Matt Murray with a rebound.
9:39 of 2nd period - Shot by Alexander Radulov.
9:39 of 2nd period - Shot Misses the Net.
9:41 of 2nd period - Shot by Rick Nash.
9:41 of 2nd period - Shot Misses the Net.
9:43 of 2nd period - Shot by Jason Demers.
9:43 of 2nd period - Stopped by Matt Murray without a rebound.
9:44 of 2nd period - Brock Nelson wins face-off versus Brandon Sutter in Sabres zone.
11:26 of 2nd period - Shot by Gabriel Bourque.
11:26 of 2nd period - Stopped by Matt Murray without a rebound.
11:27 of 2nd period - Artem Anisimov wins face-off versus Ryan Nugent-Hopkins in Sabres zone.
11:28 of 2nd period - Shot by Jordan Martinook.
11:28 of 2nd period - Stopped by Matt Murray with a rebound.
11:50 of 2nd period - Shot by Artem Anisimov.
11:50 of 2nd period - Stopped by Matt Murray without a rebound.
11:51 of 2nd period - Matthew Peca wins face-off versus Kyle Criscuolo in Sabres zone.
11:51 of 2nd period - Matthew Peca is hit by Jake McCabe.
12:27 of 2nd period - Shot by Kyle Criscuolo.
12:27 of 2nd period - Stopped by Andrei Vasilevskiy with a rebound.
12:29 of 2nd period - Shot by Brett Connolly.
12:29 of 2nd period - Stopped by Andrei Vasilevskiy without a rebound.
12:30 of 2nd period - Evgeni Malkin wins face-off versus Ryan Nugent-Hopkins in Flames zone.
12:39 of 2nd period - Shot by Alexander Radulov.
12:39 of 2nd period - Shot Misses the Net.
12:41 of 2nd period - Shot by Alec Martinez.
12:41 of 2nd period - Stopped by Matt Murray without a rebound.
12:42 of 2nd period - Brandon Sutter wins face-off versus Kyle Turris in Sabres zone.
12:45 of 2nd period - Shot by James van Riemsdyk.
12:45 of 2nd period - Stopped by Matt Murray without a rebound.
12:46 of 2nd period - Evgeni Malkin wins face-off versus Paul Stastny in Sabres zone.
12:59 of 2nd period - Shot by Ryan Nugent-Hopkins.
12:59 of 2nd period - Shot Misses the Net.
13:05 of 2nd period - Shot by Leon Draisaitl.
13:05 of 2nd period - Deflect By Paul Stastny.
13:05 of 2nd period - Shot Misses the Net.
13:11 of 2nd period - Shot by Ryan Nugent-Hopkins.
13:11 of 2nd period - Shot Misses the Net.
13:47 of 2nd period - John Carlson is hit by Brandon Sutter and loses puck.
14:01 of 2nd period - Minor Penalty to Jake McCabe for Interference.
14:02 of 2nd period - Brock Nelson wins face-off versus Evgeni Malkin in Sabres zone.
14:11 of 2nd period - Brock Nelson is hit by Evgeni Malkin and loses puck.
15:13 of 2nd period - James van Riemsdyk is hit by Zach Hyman and loses puck.
15:28 of 2nd period - Shot by Justin Faulk.
15:28 of 2nd period - Shot Misses the Net.
15:38 of 2nd period - Shot by Justin Faulk.
15:38 of 2nd period - Shot Misses the Net.
15:46 of 2nd period - Shot by Jared Spurgeon.
15:46 of 2nd period - Stopped by Matt Murray without a rebound.
15:47 of 2nd period - Brandon Sutter wins face-off versus Evander Kane in Sabres zone.
15:48 of 2nd period - Shot by Jason Demers.
15:48 of 2nd period - Shot Blocked by Adam Pelech.
15:50 of 2nd period - Shot by Alec Martinez.
15:50 of 2nd period - Stopped by Matt Murray with a rebound.
15:52 of 2nd period - Shot by Viktor Arvidsson.
15:52 of 2nd period - Goal by Viktor Arvidsson - Flames : 2 - Sabres : 2.
15:53 of 2nd period - Artem Anisimov wins face-off versus Leon Draisaitl in neutral zone.
16:00 of 2nd period - Shot by Artem Anisimov.
16:00 of 2nd period - Shot Misses the Net.
16:02 of 2nd period - Shot by Devante Smith-Pelly.
16:02 of 2nd period - Shot Misses the Net.
16:04 of 2nd period - Shot by Jason Garrison.
16:04 of 2nd period - Shot Misses the Net.
16:50 of 2nd period - Icing by Jason Demers.
16:51 of 2nd period - Matthew Peca wins face-off versus Brock Nelson in Flames zone.
16:51 of 2nd period - Matthew Peca is hit by Brendan Perlini.
19:22 of 2nd period - Shot by James van Riemsdyk.
19:22 of 2nd period - Deflect By Brandon Sutter.
19:22 of 2nd period - Shot Blocked by Adam Pelech.
19:29 of 2nd period - Icing by Adam Pelech.
19:30 of 2nd period - Artem Anisimov wins face-off versus Brett Connolly in Sabres zone.
19:40 of 2nd period - Ryan Murray is hit by Alec Martinez and loses puck.
19:52 of 2nd period - Off-side.
19:53 of 2nd period - Paul Stastny wins face-off versus Evgeni Malkin in neutral zone.
19:53 of 2nd period - Paul Stastny is hit by Evgeni Malkin.
Goals for this period are 2 for Flames vs 1 for Sabres.
Shots for this period are 16 for Flames vs 4 for Sabres.

3rd period


0:01 of 3rd period - Paul Stastny wins face-off versus Evgeni Malkin in neutral zone.
1:07 of 3rd period - Shot by Kyle Turris.
1:07 of 3rd period - Stopped by Andrei Vasilevskiy without a rebound.
1:08 of 3rd period - Brock Nelson wins face-off versus Artem Anisimov in Flames zone.
1:11 of 3rd period - Shot by Brendan Perlini.
1:11 of 3rd period - Stopped by Andrei Vasilevskiy without a rebound.
1:12 of 3rd period - Brandon Sutter wins face-off versus Kyle Turris in Flames zone.
1:45 of 3rd period - Icing by Tyler Myers.
1:46 of 3rd period - Evgeni Malkin wins face-off versus Kyle Turris in Sabres zone.
1:57 of 3rd period - Shot by Evgeni Malkin.
1:57 of 3rd period - Shot Misses the Net.
1:59 of 3rd period - Shot by Justin Faulk.
1:59 of 3rd period - Shot Blocked by Evander Kane.
2:01 of 3rd period - Shot by Alexander Radulov.
2:01 of 3rd period - Shot Misses the Net.
2:03 of 3rd period - Shot by Rick Nash.
2:03 of 3rd period - Stopped by Matt Murray without a rebound.
2:04 of 3rd period - Artem Anisimov wins face-off versus Paul Stastny in Sabres zone.
2:10 of 3rd period - Icing by John Carlson.
2:11 of 3rd period - Paul Stastny wins face-off versus Evgeni Malkin in Sabres zone.
3:23 of 3rd period - Evander Kane is hit by Alec Martinez and loses puck.
3:46 of 3rd period - Shot by Evander Kane.
3:46 of 3rd period - Deflect By Kyle Turris.
3:46 of 3rd period - Stopped by Andrei Vasilevskiy without a rebound.
3:47 of 3rd period - Artem Anisimov wins face-off versus Brock Nelson in Flames zone.
3:53 of 3rd period - Jordan Martinook is hit by Brendan Perlini and loses puck.
4:42 of 3rd period - Minor Penalty to Alexander Radulov for Interference.
4:43 of 3rd period - Ryan Nugent-Hopkins wins face-off versus Evgeni Malkin in Flames zone.
4:46 of 3rd period - Shot by Leon Draisaitl.
4:46 of 3rd period - Shot Misses the Net.
5:15 of 3rd period - Shot by Tyler Myers.
5:15 of 3rd period - Shot Blocked by Jason Demers.
5:17 of 3rd period - Shot by Adam Pelech.
5:17 of 3rd period - Shot Misses the Net.
5:19 of 3rd period - Shot by Ryan Nugent-Hopkins.
5:19 of 3rd period - Shot Misses the Net.
5:54 of 3rd period - Shot by Ryan Murray.
5:54 of 3rd period - Stopped by Andrei Vasilevskiy without a rebound.
5:55 of 3rd period - Jordan Martinook wins face-off versus Paul Stastny in Flames zone.
6:16 of 3rd period - Shot by John Carlson.
6:16 of 3rd period - Stopped by Andrei Vasilevskiy without a rebound.
6:17 of 3rd period - Kyle Turris wins face-off versus Jordan Martinook in Flames zone.
6:18 of 3rd period - Shot by Tyler Myers.
6:18 of 3rd period - Stopped by Andrei Vasilevskiy without a rebound.
6:19 of 3rd period - Kyle Turris wins face-off versus Evgeni Malkin in Flames zone.
6:45 of 3rd period - Shot by Brett Connolly.
6:45 of 3rd period - Stopped by Andrei Vasilevskiy without a rebound.
6:46 of 3rd period - Brandon Sutter wins face-off versus Paul Stastny in Flames zone.
6:48 of 3rd period - Icing by James van Riemsdyk.
6:49 of 3rd period - Paul Stastny wins face-off versus Brandon Sutter in Flames zone.
7:14 of 3rd period - Shot by Leon Draisaitl.
7:14 of 3rd period - Stopped by Andrei Vasilevskiy without a rebound.
7:15 of 3rd period - Kyle Turris wins face-off versus Artem Anisimov in Flames zone.
7:18 of 3rd period - Shot by Evander Kane.
7:18 of 3rd period - Deflect By Kyle Turris.
7:18 of 3rd period - Stopped by Andrei Vasilevskiy without a rebound.
7:19 of 3rd period - Artem Anisimov wins face-off versus Kyle Turris in Flames zone.
7:19 of 3rd period - Justin Faulk is hit by Zach Hyman and loses puck.
7:31 of 3rd period - Devante Smith-Pelly is hit by Dan Girardi and loses puck.
8:37 of 3rd period - Shot by Leon Draisaitl.
8:37 of 3rd period - Shot Blocked by Jason Demers.
8:41 of 3rd period - Shot by Paul Stastny.
8:41 of 3rd period - Stopped by Andrei Vasilevskiy without a rebound.
8:42 of 3rd period - Brandon Sutter wins face-off versus Brock Nelson in Flames zone.
8:48 of 3rd period - Viktor Arvidsson is hit by Brendan Perlini.
8:55 of 3rd period - Viktor Arvidsson is hit by Adam Pelech and loses puck.
9:11 of 3rd period - Shot by Brendan Perlini.
9:11 of 3rd period - Stopped by Andrei Vasilevskiy with a rebound.
9:37 of 3rd period - Minor Penalty to Leon Draisaitl for Charging.
9:38 of 3rd period - Brock Nelson wins face-off versus Evgeni Malkin in Sabres zone.
9:53 of 3rd period - Shot by Evgeni Malkin.
9:53 of 3rd period - Deflect By Alexander Radulov.
9:53 of 3rd period - Stopped by Matt Murray with a rebound.
9:55 of 3rd period - Shot by Justin Faulk.
9:55 of 3rd period - Stopped by Matt Murray without a rebound.
9:56 of 3rd period - Kyle Turris wins face-off versus Evgeni Malkin in Sabres zone.
10:01 of 3rd period - Shot by Alexander Radulov.
10:01 of 3rd period - Shot Misses the Net.
10:07 of 3rd period - Shot by Jason Demers.
10:07 of 3rd period - Stopped by Matt Murray with a rebound.
10:10 of 3rd period - Minor Penalty to Rick Nash for Delaying the game.
10:11 of 3rd period - Evander Kane wins face-off versus Evgeni Malkin in Flames zone.
10:12 of 3rd period - Shot by John Carlson.
10:12 of 3rd period - Stopped by Andrei Vasilevskiy with a rebound.
11:19 of 3rd period - Shot by Brandon Sutter.
11:19 of 3rd period - Deflect By Viktor Arvidsson.
11:19 of 3rd period - Shot Misses the Net.
11:21 of 3rd period - Shot by Jason Demers.
11:21 of 3rd period - Shot Misses the Net.
11:39 of 3rd period - Icing by Dan Girardi.
11:40 of 3rd period - Kyle Turris wins face-off versus Evgeni Malkin in Sabres zone.
11:53 of 3rd period - Shot by Josh Ho-Sang.
11:53 of 3rd period - Shot Misses the Net.
12:25 of 3rd period - Shot by Markus Hannikainen.
12:25 of 3rd period - Stopped by Andrei Vasilevskiy without a rebound.
12:26 of 3rd period - Paul Stastny wins face-off versus Artem Anisimov in Flames zone.
12:29 of 3rd period - Shot by Ryan Nugent-Hopkins.
12:29 of 3rd period - Shot Misses the Net.
12:43 of 3rd period - Shot by Ryan Nugent-Hopkins.
12:43 of 3rd period - Shot Misses the Net.
12:58 of 3rd period - Leon Draisaitl is hit by Jason Garrison and loses puck.
13:10 of 3rd period - Icing by Adam Pelech.
13:11 of 3rd period - Paul Stastny wins face-off versus Brandon Sutter in Sabres zone.
13:15 of 3rd period - Leon Draisaitl is hit by Justin Faulk and loses puck.
13:23 of 3rd period - Icing by Brandon Sutter.
13:24 of 3rd period - Brandon Sutter wins face-off versus Kyle Turris in Flames zone.
13:24 of 3rd period - Justin Faulk is hit by Evander Kane and loses puck.
13:31 of 3rd period - Shot by Zach Hyman.
13:31 of 3rd period - Shot Misses the Net.
13:33 of 3rd period - Shot by Jake McCabe.
13:33 of 3rd period - Shot Misses the Net.
14:23 of 3rd period - Josh Ho-Sang is hit by Brandon Sutter and loses puck.
14:37 of 3rd period - Icing by Evgeni Malkin.
14:38 of 3rd period - Alexander Radulov wins face-off versus Paul Stastny in Flames zone.
14:49 of 3rd period - Ryan Murray is hit by Jason Demers and loses puck.
15:17 of 3rd period - Icing by Leon Draisaitl.
15:18 of 3rd period - Paul Stastny wins face-off versus Artem Anisimov in Sabres zone.
15:53 of 3rd period - Icing by Jordan Martinook.
15:54 of 3rd period - Josh Ho-Sang wins face-off versus Artem Anisimov in Flames zone.
17:03 of 3rd period - Icing by Kyle Turris.
17:04 of 3rd period - Kyle Turris wins face-off versus Brandon Sutter in Sabres zone.
17:18 of 3rd period - Icing by Jason Demers.
17:19 of 3rd period - Paul Stastny wins face-off versus Viktor Arvidsson in Flames zone.
17:47 of 3rd period - Shot by Viktor Arvidsson.
17:47 of 3rd period - Shot Blocked by Ryan Nugent-Hopkins.
18:44 of 3rd period - Shot by Kyle Turris.
18:44 of 3rd period - Stopped by Andrei Vasilevskiy with a rebound.
18:56 of 3rd period - Zach Hyman is hit by Jordan Martinook and loses puck.
19:41 of 3rd period - Shot by Brendan Perlini.
19:41 of 3rd period - Stopped by Andrei Vasilevskiy without a rebound.
19:42 of 3rd period - Brandon Sutter wins face-off versus Brett Connolly in Flames zone.
19:51 of 3rd period - John Carlson is hit by Alec Martinez and loses puck.
19:58 of 3rd period - Shot by Brandon Sutter.
19:58 of 3rd period - Shot Misses the Net.
Goals for this period are 0 for Flames vs 0 for Sabres.
Shots for this period are 4 for Flames vs 15 for Sabres.

Overtime #1


0:01 of 1st overtime period - Leon Draisaitl wins face-off versus Evgeni Malkin in neutral zone.
0:06 of 1st overtime period - Shot by Leon Draisaitl.
0:06 of 1st overtime period - Stopped by Andrei Vasilevskiy without a rebound.
0:07 of 1st overtime period - Evgeni Malkin wins face-off versus Leon Draisaitl in Flames zone.
0:14 of 1st overtime period - Shot by Evgeni Malkin.
0:14 of 1st overtime period - Shot Misses the Net.
0:17 of 1st overtime period - Icing by Ryan Nugent-Hopkins.
0:18 of 1st overtime period - Leon Draisaitl wins face-off versus Evgeni Malkin in Sabres zone.
0:59 of 1st overtime period - Shot by Leon Draisaitl.
0:59 of 1st overtime period - Stopped by Andrei Vasilevskiy without a rebound.
1:00 of 1st overtime period - Kyle Turris wins face-off versus Brandon Sutter in Flames zone.
1:03 of 1st overtime period - Shot by Evander Kane.
1:03 of 1st overtime period - Stopped by Andrei Vasilevskiy with a rebound.
1:16 of 1st overtime period - Off-side.
1:17 of 1st overtime period - Leon Draisaitl wins face-off versus Evgeni Malkin in neutral zone.
1:22 of 1st overtime period - Shot by Leon Draisaitl.
1:22 of 1st overtime period - Shot Misses the Net.
1:24 of 1st overtime period - Shot by Leon Draisaitl.
1:24 of 1st overtime period - Shot Blocked by Justin Faulk.
1:26 of 1st overtime period - Shot by Leon Draisaitl.
1:26 of 1st overtime period - Shot Blocked by Justin Faulk.
1:28 of 1st overtime period - Shot by John Carlson.
1:28 of 1st overtime period - Shot Misses the Net.
1:30 of 1st overtime period - Shot by John Carlson.
1:30 of 1st overtime period - Shot Misses the Net.
1:32 of 1st overtime period - Shot by Leon Draisaitl.
1:32 of 1st overtime period - Shot Hit the Post.
1:34 of 1st overtime period - Shot by Leon Draisaitl.
1:34 of 1st overtime period - Stopped by Andrei Vasilevskiy with a rebound.
1:36 of 1st overtime period - Shot by Ryan Nugent-Hopkins.
1:36 of 1st overtime period - Shot Blocked by Justin Faulk.
1:38 of 1st overtime period - Shot by Ryan Nugent-Hopkins.
1:38 of 1st overtime period - Goal by Ryan Nugent-Hopkins - Flames : 2 - Sabres : 3.
Goals for this period are 0 for Flames vs 1 for Sabres.
Shots for this period are 0 for Flames vs 5 for Sabres.